 Dungeon Crawl Stone Soup version 0.31.0-4-g52a2dc7128 (webtiles) character file.

Game seed: 18354687439314140718

1371734 bakla the Acrobat (level 24, 147/147 HPs)
             Began as a Felid Earth Elementalist on Jan 21, 2024.
             Was the Champion of Vehumet.
             Escaped with the Orb
             ... and 3 runes on Jan 23, 2024!
             The game lasted 04:51:49 (98051 turns).

bakla the Acrobat (Felid Earth Elementalist)       Turns: 98051, Time: 04:51:49

Health: 147/147    AC:  3    Str:  4    XL:     24   Next: 64%
Magic:  6/43       EV: 45    Int: 34    God:    Vehumet [******]
Gold:   4937       SH:  0    Dex: 26    Spells: 1/54 levels left
                                        Lives:  2   Deaths: 6

rFire   + .          .
                       - Unarmed
rCold   + . .        (shield unavailable)
rNeg    . . .        (body armour unavailable)
rPois   +            (helmet unavailable)
rElec   +            (cloak unavailable)
rCorr   .            (gloves unavailable)
SInv    +            (boots unavailable)
Will    +++..        t - amulet of Hanir {Acrobat rElec rF+}
Stlth   +            B - ring of Lugonu's Felicitations {rPois Dex+6}
HPRegen 0.44/turn    x - +6 ring of intelligence
MPRegen 0.28/turn

%: acrobat
@: hasted, very quick
A: very small, claws 1, fangs 3, see invisible, shaggy fur 3, stealthy paws, no
weapons or thrown items, no armour, multi-lived
0: Orb of Zot
}: 3/15 runes: barnacled, silver, gossamer
a: Renounce Religion


You escaped.
You worshipped Vehumet.
Vehumet was exalted by your worship.
You visited 10 branches of the dungeon, and saw 48 of its levels.
You visited 2 bazaars.
You also visited: Ice Cave and Desolation.

You collected 9955 gold pieces.
You spent 5018 gold pieces at shops.

Inventory:

Jewellery
 p - a ring of protection from fire
 t - the amulet of Hanir (around neck) {Acrobat rElec rF+}
   (You found it on level 6 of the Dungeon)

   [amulet of the acrobat]

   Acrobat:   It increases your evasion while moving and waiting.
   rF+:       It protects you from fire.
   rElec:     It insulates you from electricity.
 x - a +6 ring of intelligence (right paw)
 y - a ring of resist corrosion
 B - the ring of Lugonu's Felicitations (left paw) {rPois Dex+6}
   (You found it on level 3 of the Depths)

   [ring of poison resistance]

   Dex+6:     It affects your dexterity (+6).
   rPois:     It protects you from poison
 E - the ring "Busagirgh" {rPois rC+ Will- Str+4}
   (You found it on level 5 of the Vaults)

   [ring of protection from cold]

   Str+4:     It affects your strength (+4).
   rC+:       It protects you from cold.
   rPois:     It protects you from poison Will-: It decreases your willpower.
 M - a +6 ring of intelligence
 O - a ring of poison resistance
 S - the ring of Ysumowk {rC+ rN+ Stlth+}
   (You took it off a yaktaur captain on level 5 of the Vaults)

   [ring of positive energy]

   rC+:       It protects you from cold.
   rN+:       It protects you from negative energy.
   Stlth+:    It makes you more stealthy.
 U - the amulet of Suon {Spirit Will++}
   (You found it in the Desolation of Salt)

   [amulet of guardian spirit]

   Spirit:    It causes incoming damage to be divided between your reserves of
   health and magic.
   Will++:    It greatly increases your willpower.
 V - a ring of fire
 X - a ring of positive energy
 Y - the amulet of Vitality {RegenMP++ Regen++}
   (You took it off a frost giant on level 5 of the Vaults)

   [amulet of magic regeneration]

   RegenMP:   It increases your rate of magic regeneration.
   Regen++:   It increases your rate of health regeneration.
Talismans
 w - a storm talisman
 T - a granite talisman
Wands
 f - a wand of quicksilver (8)
 g - a wand of polymorph (16)
 k - a wand of digging (20)
 n - a wand of iceblast (46)
 F - a wand of flame (38)
 I - a wand of mindburst (40)
 W - a wand of paralysis (31)
Scrolls
 a - 9 scrolls of immolation
 b - 3 scrolls of torment
 e - 2 scrolls of amnesia
 j - a scroll of blinking
 m - 8 scrolls of poison
 o - a scroll of vulnerability
 q - 2 scrolls of revelation
 v - a scroll of fog
 z - 7 scrolls of teleportation
 G - 18 scrolls of identify
 H - 5 scrolls of silence
 P - 3 scrolls of noise
 Q - a scroll of butterflies
Potions
 c - 3 potions of resistance
 d - 13 potions of mutation
 h - 6 potions of ambrosia
 i - 8 potions of lignification
 l - 6 potions of enlightenment
 r - 4 potions of cancellation
 s - 8 potions of might
 u - a potion of haste
 D - 4 potions of brilliance
 J - 9 potions of attraction
 K - 2 potions of curing
 L - 4 potions of invisibility
 N - a potion of berserk rage
Miscellaneous
 A - a phantom mirror
 R - a sack of spiders
 Z - a lightning rod (4/4)


   Skills:
 + Level 22.0 Fighting
 + Level 22.7 Dodging
 - Level 3.0 Stealth
 - Level 1.1 Unarmed Combat
 - Level 15.8 Spellcasting
 - Level 12.0 Conjurations
 - Level 10.0 Summonings
 - Level 15.0 Fire Magic
 - Level 15.9 Earth Magic
 - Level 2.1 Alchemy
 - Level 4.0 Evocations
 - Level 14.6 Shapeshifting


You had one spell level left.
You knew the following spells:

 Your Spells              Type           Power      Damage    Failure   Level
a - Borgnjor's Vile Clut  Necr/Erth      34%        N/A       1%          5
c - Spellforged Servitor  Conj/Summ      40%        N/A       4%          7
d - Summon Mana Viper     Hex/Summ       57%        N/A       5%          5
e - Magic Dart            Conj           100%       1d8       0%          1
f - Ignite Poison         Fire/Alch      71%        N/A       1%          4
g - Olgreb's Toxic Radia  Alch           41%        N/A       1%          4
h - Lee's Rapid Deconstr  Erth           47%        3d22*     1%          5
i - Bombard               Conj/Erth      44%        9d8       1%          6
j - Iskenderun's Battles  Conj           83%        2d13      1%          5
k - Ignition              Fire           45%        3d13      5%          8
l - Teleport Other        Tloc           26%        N/A       4%          3

Your spell library contained the following spells:

 Spells                   Type           Power      Damage    Failure   Level
 Chain Lightning          Conj/Air       30%        3d40      100%        9
 Polar Vortex             Ice            13%        12d1*     100%        9
 Foxfire                  Conj/Fire      100%       2x1d9     0%          1
 Sandblast                Erth           100%       2d20      0%          1
 Kiss of Death            Conj/Necr      100%       2d13      1%          1
 Shock                    Conj/Air       100%       1d9       1%          1
 Sting                    Conj/Alch      100%       1d9       1%          1
 Searing Ray              Conj           100%       2d8       0%          2
 Passwall                 Erth           94%        N/A       0%          3
 Stone Arrow              Conj/Erth      100%       3d13      0%          3
 Call Imp                 Summ           100%       N/A       1%          2
 Cigotuvi's Dreadful Rot  Necr/Alch/Air  62%        N/A       1%          2
 Mercury Vapours          Alch/Air       68%        N/A       1%          2
 Momentum Strike          Conj/Tloc      100%       3d10      1%          2
 Static Discharge         Conj/Air       100%       3-8/arc   1%          2
 Dazzling Flash           Conj/Hex       100%       N/A       1%          3
 Inner Flame              Hex/Fire       67%        N/A       1%          3
 Mephitic Cloud           Conj/Alch/Air  56%        N/A       1%          3
 Summon Ice Beast         Ice/Summ       57%        N/A       1%          3
 Volatile Blastmotes      Fire/Tloc      100%       2d18      1%          3
 Brom's Barrelling Bould  Conj/Erth      89%        2d10      1%          4
 Fulminant Prism          Conj/Alch      33%        3d15      1%          4
 Iskenderun's Mystic Bla  Conj/Tloc      61%        2d13      1%          4
 Petrify                  Alch/Erth      73%        N/A       1%          4
 Arcjolt                  Conj/Air       30%        1d40      1%          5
 Irradiate                Conj/Alch      33%        3d22      1%          5
 Starburst                Conj/Fire      43%        6d12      1%          6
 Blink                    Tloc           52%        N/A       2%          2
 Lesser Beckoning         Tloc           52%        N/A       2%          2
 Sublimation of Blood     Necr           26%        N/A       2%          2
 Freezing Cloud           Conj/Ice/Air   26%        6-21      2%          5
 Confusing Touch          Hex            26%        N/A       4%          3
 Fugue of the Fallen      Necr           26%        N/A       4%          3
 Gell's Gravitas          Tloc           26%        N/A       4%          3
 Ozocubu's Armour         Ice            26%        N/A       4%          3
 Swiftness                Air            26%        N/A       4%          3
 Airstrike                Air            13%        2d(2-18)  4%          4
 Summon Forest            Summ/Tloc      28%        N/A       5%          5
 Conjure Ball Lightning   Conj/Air       30%        3x3d10    5%          6
 Lehudib's Crystal Spear  Conj/Erth      44%        10d11     9%          8
 Anguish                  Hex/Necr       13%        N/A       14%         4
 Animate Dead             Necr           26%        N/A       14%         4
 Cause Fear               Hex            13%        N/A       14%         4
 Dispel Undead            Necr           26%        3d13      14%         4
 Manifold Assault         Tloc           26%        N/A       14%         4
 Monstrous Menagerie      Summ           38%        N/A       21%         7
 Summon Hydra             Summ           38%        N/A       21%         7
 Eringya's Noxious Bog    Alch           20%        4d6       24%         6
 Silence                  Hex/Air        13%        N/A       38%         5
 Sculpt Simulacrum        Ice/Alch       17%        N/A       82%         6
 Haunt                    Necr/Summ      28%        N/A       85%         7
 Malign Gateway           Summ/Tloc      28%        N/A       85%         7
 Summon Horrible Things   Summ           38%        N/A       85%         8
 Death Channel            Necr           13%        N/A       92%         6
 Ozocubu's Refrigeration  Ice            13%        4d10      95%         7
 Enfeeble                 Hex            13%        N/A       100%        7
 Borgnjor's Revivificati  Necr           13%        N/A       100%        8
 Discord                  Hex            13%        N/A       100%        8
 Disjunction              Tloc           13%        N/A       100%        8
 Maxwell's Capacitive Co  Air            13%        ∞         100%        8
 Death's Door             Necr           13%        N/A       100%        9
 Dragon's Call            Summ           38%        N/A       100%        9
 Animate Armour           Summ/Erth      Unusable   N/A       N/A         4

Dungeon Overview and Level Annotations

Branches:
Dungeon (15/15)            Temple (1/1) D:7            Lair (5/5) D:8
 Shoals (4/4) Lair:3       Spider (4/4) Lair:2        Slime (0/5) Lair:4
    Orc (2/2) D:12            Elf (3/3) Orc:2        Vaults (5/5) D:14
  Crypt (0/3) Vaults:3     Depths (4/4) D:15            Zot (5/5) Depths:4
  IceCv (visited)         Desolation (visited)

Altars:
Ashenzari
Cheibriados
Dithmenos
Elyvilon
Fedhas
Gozag
Hepliaklqana
Kikubaaqudgha
Makhleb
Nemelex Xobeh
Okawaru
Qazlal
Ru
Sif Muna
Trog
Uskayaw
Vehumet
Wu Jian
Xom
Yredelemnul
Zin
The Shining One
Jiyva
Lugonu

Shops:
D:9 *   D:12 ?[   Orc:1 [   Orc:2 (=*[?   Elf:1 !   Shoals:3 ?=*(   Vaults:3 [
Depths:2 :(   Depths:3 [

Portals:
Hell: Depths:1 Depths:2 Depths:3 Depths:4
Abyss: Lair:5 Depths:1 Depths:2 Depths:3
Pandemonium: Depths:1 Depths:2 Depths:3
Ziggurat: Depths:3

Annotations:
D:7 1 runed translucent door, Crazy Yiuf
D:13 1 runed translucent door, Yqoodd's ghost, journeyman GnWr
Spider:2 Roxanne
Elf:2 5 runed translucent doors
Depths:1 1 runed translucent door, Barug's ghost, adept TrMo
Zot:2 exclusion: 2 upstairs
Zot:3 1 transporter, exclusion: 3 upstairs
Zot:4 exclusion: 3 upstairs


Innate Abilities, Weirdness & Mutations

You have sharp claws.
You have razor-sharp teeth.
You have supernaturally acute eyesight. (SInv)
Your thick and shaggy fur keeps you warm. (AC +3, rC+)
Your paws help you pounce on unaware monsters.
You are incapable of wielding weapons or throwing items.
You cannot wear armour.
You gain extra lives every three experience levels.


Message History

Aim: a sun demon (ally target, 70% to hit)
The iron shot hits the sun demon!!!
The sun demon is severely wounded.
Your spellforged servitor casts a spell at the sun demon.
The iron shot hits the sun demon!!!
The sun demon dies!
Vehumet accepts your kill.
What level of the Dungeon? (default 1, ? - help)
A rust devil comes into view.
The rust devil screeches!
You barely miss the rust devil. The rust devil completely misses you.
You scratch the rust devil but do no damage.
The rust devil completely misses you.
A Brimstone Fiend comes into view.
Your spellforged servitor casts a spell at the rust devil.
The iron shot hits the rust devil!!
Blink to where?
Press: ? - help, Dir - move target
As you read the scroll of blinking, it crumbles to dust.
Something hits your spellforged servitor!!
Something hits your spellforged servitor.
Something hits your spellforged servitor!
The rust devil closely misses your spellforged servitor.
You feel yourself speed up.
Something hits your spellforged servitor!!
Something hits your spellforged servitor!
Something completely misses your spellforged servitor.
The rust devil hits your spellforged servitor.
The rust devil corrodes your spellforged servitor!
A reaper comes into view. It is wielding a +0 heavy scythe.
The reaper completely misses you. The reaper completely misses you.
Aiming: Dig
Press: ? - help, Shift-Dir - straight line A rock wall.
This square is covered in magical glow.
The rock shatters into small pieces.
The mana viper hisses angrily.
The wolf howls!
There is a staircase leading out of the dungeon here.
You have escaped!

.......4.# #..##....#######.#####
....#.######..##.......# #.##...
...........#..##....##.# #.##.#.
.....###.###..##....##.# #....#.
###...........####.###.####.##.#.
##.####.##.##...........#.##.#.
#..........2...#####.#######.#.
###..#########.### #.# #.#.
.....###........@# #.# #.#.
.##.##....######.### #.# #.##
.##.##.............###.#######...
.##.##...............#.........##
.....#.8..#######....###########
###.##....#SSDhb#....#
#.##.8..#######..8.#
#.##...............#
#.####.8.......8.###


You could see a four-headed hydra (wandering), a reaper, a mana viper and a
wolf.

Vanquished Creatures
  A dread lich (Zot:5)
  3 ancient liches (Zot:5)
  An orb of fire (Zot:5)
  Saint Roka (Orc:2)
  3 Killer Klowns (Zot:5)
  A curse toe (Zot:5)
  A golden dragon (Depths:4)
  A Brimstone Fiend (D:13)
  2 electric golems (Zot:5)
  Zenata (Elf:3)
  Jorgrun (D:14)
  3 tentacled monstrosities
  18 Orb Guardians (Zot:5)
  5 quicksilver dragons
  A lich (Vaults:3)
  A titan (Vaults:5)
  7 sphinxes
  Polyphemus (Shoals:4)
  Kirke (D:12)
  A kraken (Shoals:3)
  4 shadow dragons
  4 storm dragons
  2 tengu reavers (Vaults:5)
  A protean progenitor (Zot:5)
  A draconian knight (Zot:2)
  2 fire giants
  An iron dragon (Depths:3)
  3 frost giants
  5 deep elf sorcerers
  A draconian shifter (Zot:5)
  A draconian scorcher (Zot:5)
  3 deep elf elementalists (Elf:3)
  2 orc warlords (Orc:2)
  4 emperor scorpions
  3 ghost moths
  2 balrugs
  15 vault wardens
  14 ironbound preservers
  A draconian annihilator (Zot:5)
  2 spriggan defenders (Depths:4)
  5 broodmothers
  Louise (Spider:2)
  10 very ugly things
  2 formless jellyfish
  9 ironbound thunderhulks
  A black draconian (Zot:5)
  A grey draconian (Depths:4)
  A purple draconian (Depths:4)
  4 deep elf annihilators
  9 stone giants
  2 vampire knights
  A white draconian (Depths:4)
  A green draconian (Zot:5)
  2 deep elf death magi (Elf:3)
  2 red draconians (Zot:5)
  7 spark wasps
  12 dire elephants
  4 war gargoyles
  Azrael (Orc:2)
  A bunyip (Zot:5)
  12 yaktaur captains
  7 ettins
  2 fire dragons
  2 crystal guardians
  3 merfolk impalers
  2 ragged hierophants (Desolation)
  8 deep elf high priests
  4 merfolk javelineers
  11 great orbs of eyes
  4 ice dragons
  31 vault guards
  8 entropy weavers
  A servant of whispers (Desolation)
  Fannar (Lair:2)
  A rakshasa (Depths:2)
  8 peacekeepers
  3 spriggan air magi
  2 radroaches (Spider:2)
  6 hydras
  14 ironbound frosthearts
  4 jorogumos
  5 nameless horrors
  A catoblepas (D:14)
  3 satyrs
  14 boulder beetles
  An alligator snapping turtle (Shoals:4)
  14 centaur warriors
  2 merfolk avatars
  4 merfolk aquamancers
  5 two-headed ogres
  A two-headed ogre (shapeshifter) (Vaults:5)
  17 dancing weapons
  An entropy weaver (shapeshifter) (Vaults:5)
  2 spriggan berserkers
  10 death yaks
  2 tengu warriors
  2 orc high priests (Orc:2)
  A shock serpent (shapeshifter) (Vaults:5)
  A deep troll earth mage (Vaults:5)
  5 demonic crawlers
  2 occultists
  Urug (Lair:2)
  A sun demon (D:1)
  11 deep elf knights
  4 hell knights
  A soul eater (Depths:3)
  Nergalle (Lair:3)
  2 thrashing horrors (Lair:5)
  A titan skeleton (Vaults:5)
  A fire crab (Shoals:4)
  A skyshark (shapeshifter) (Vaults:2)
  A spark wasp zombie (Depths:3)
  5 skysharks
  2 iron trolls (Depths:2)
  A shadow wraith (Vaults:5)
  A skeletal warrior (D:14)
  10 orb spiders
  A deep troll (shapeshifter) (Vaults:5)
  3 large abominations
  14 sea snakes
  3 glowing orange brains
  7 pharaoh ants
  A quicksilver dragon simulacrum (Depths:3)
  3 sun moths
  A swamp dragon (Depths:4)
  A tengu zombie (Vaults:1)
  A mana viper (shapeshifter) (Vaults:5)
  38 deep trolls
  A glowing orange brain (shapeshifter) (Vaults:5)
  24 ironbound convokers
  12 arcanists
  An orange crystal statue (Vaults:2)
  12 deep elf archers
  23 deep elf pyromancers
  13 deep elf zephyrmancers
  7 phantasmal warriors
  4 necromancers
  24 wolf spiders
  12 harpies
  11 lindwurms
  4 orc sorcerers
  13 manticores
  5 steelbarb worms
  Maurice (Orc:2)
  A tengu skeleton (Vaults:5)
  21 fauns
  8 orc knights
  A human zombie (Vaults:1)
  3 cyclopes
  A stone giant zombie (Vaults:5)
  6 moths of wrath
  An oklob plant (Lair:2)
  34 ugly things
  12 elephants
  6 water nymphs
  A meliai (shapeshifter) (Elf:2)
  An eye of devastation (shapeshifter) (Vaults:5)
  3 black mambas
  4 kobold blastminers (Orc:2)
  An iron dragon skeleton (Vaults:5)
  7 meliai
  2 black mambas (shapeshifter)
  8 merfolk sirens
  A smoke demon (Lair:5)
  A gargoyle (D:13)
  17 vault sentinels
  4 torpor snails
  A guardian serpent (Desolation)
  11 cane toads
  An unseen horror (D:12)
  A rime drake (shapeshifter) (Depths:3)
  An efreet (D:14)
  4 rime drakes
  26 yaktaurs
  10 komodo dragons
  2 freezing wraiths
  A tengu conjurer (Depths:3)
  2 yaktaur skeletons
  4 burning bushes (Lair:3)
  A human skeleton (Vaults:1)
  A queen bee (shapeshifter) (Lair:5)
  22 tarantellas
  36 merfolk
  8 trolls
  5 wind drakes
  A hornet (D:9)
  18 saltlings (Desolation)
  A raiju (shapeshifter) (Elf:1)
  31 blink frogs
  A fire giant simulacrum (Depths:3)
  2 raiju (Lair:5)
  9 dream sheep
  6 snapping turtles
  25 culicivoras
  36 jumping spiders
  3 wyverns
  2 spriggans (shapeshifter) (Depths:3)
  A vampire (D:11)
  4 wraiths
  8 water elementals
  18 yaks
  20 slime creatures
  2 spriggans
  2 ynoxinuls
  A yak (shapeshifter) (Lair:5)
  5 fire elementals
  6 hogs
  A fire bat (Shoals:4)
  3 humans
  2 wargs
  Grum (D:11)
  A steam dragon (D:7)
  A redback (shapeshifter) (Vaults:3)
  4 vampire mosquitoes (D:12)
  12 basilisks
  51 redbacks
  2 chaos spawn (Lair:5)
  A glowing shapeshifter zombie (Vaults:1)
  A naga (Bazaar)
  5 acid dragons
  3 hell hounds
  11 water moccasins
  38 orc warriors
  2 glowing shapeshifter skeletons
  2 laughing skulls (D:14)
  3 black bears
  3 ice beasts
  8 ogres
  A crocodile (shapeshifter) (Elf:1)
  22 centaurs
  4 wolves
  2 tengu (shapeshifter) (D:14)
  2 kobold brigands
  11 bullfrogs
  2 gnoll sergeants
  10 small abominations
  2 earth elementals
  8 scorpions
  A wight (D:3)
  12 killer bees
  9 electric eels
  2 crimson imps (D:9)
  6 howler monkeys
  3 bombardier beetles
  2 hounds
  6 jellies
  2 gnoll boudas
  19 orc priests
  2 iguanas
  2 sleepcaps
  Natasha (thrice) (D:3)
  15 orc wizards
  Robin (D:2)
  27 gnolls
  8 adders
  2 shadow imps (D:6)
  16 white imps
  3 dart slugs
  3 ribbon worms
  84 orcs
  5 ball pythons
  6 endoplasms
  6 giant cockroaches
  15 goblins
  14 hobgoblins
  3 jackals (D:3)
  3 quokkas
  4 bats
  2 frilled lizards (D:1)
  21 kobolds
  9 rats
  An aspiring flesh (Zot:5)
  A tentacle (Shoals:3)
1732 creatures vanquished.

Vanquished Creatures (collateral kills)
  An orb of fire (Zot:5)
  An ancient lich (Vaults:5)
  Margery (Vaults:3)
  5 golden dragons
  A hellephant (Vaults:3)
  4 tentacled monstrosities
  2 titans (Vaults:5)
  2 liches
  5 Orb Guardians
  A deep elf master archer (Elf:3)
  A quicksilver dragon (Vaults:5)
  A walking frostbound tome (Depths:4)
  A deep elf blademaster (Elf:3)
  2 sphinxes
  A death cob (Zot:1)
  2 tengu reavers (Vaults:5)
  2 shadow dragons (Depths:4)
  A storm dragon (Vaults:5)
  7 frost giants
  3 fire giants
  A draconian monk (Zot:5)
  A balrug (Depths:3)
  4 deep elf sorcerers
  An imperial myrmidon (Desolation)
  9 vault wardens
  2 orc warlords
  A draconian scorcher (Depths:4)
  A draconian shifter (Depths:4)
  A cacodemon (Depths:3)
  7 stone giants
  An ironbound preserver (Vaults:4)
  9 very ugly things
  3 vampire knights
  A grey draconian (Depths:4)
  A deep elf demonologist (Elf:3)
  2 deep elf death magi
  2 purple draconians
  An ironbound thunderhulk (Vaults:5)
  2 green draconians (Depths:4)
  7 deep elf annihilators
  A white draconian (Depths:4)
  A black draconian (Zot:5)
  2 war gargoyles
  A spark wasp (Depths:4)
  A blizzard demon (Depths:3)
  An eidolon (Depths:3)
  2 red draconians (Zot:5)
  5 dire elephants
  7 ettins
  3 yaktaur captains (Vaults:5)
  7 ice dragons
  6 fire dragons
  2 great orbs of eyes (Vaults:4)
  2 deep elf high priests (Elf:3)
  A rakshasa (Depths:2)
  A hell beast (Depths:3)
  A catoblepas (Shoals:4)
  A vault guard (D:14)
  A peacekeeper (Vaults:4)
  2 spriggan air magi
  An ironbound frostheart (Vaults:4)
  A tengu warrior (Depths:3)
  A dancing weapon (Elf:3)
  2 deep troll earth magi (Depths:2)
  A vampire mage (Depths:1)
  A soul eater (Zot:3)
  A deep elf knight (Elf:3)
  2 sun demons (D:1)
  A skyshark (Lair:2)
  2 iron trolls (Depths:2)
  A sea snake (shapeshifter) (Vaults:5)
  A glowing orange brain (shapeshifter) (Depths:4)
  An arcanist (Vaults:3)
  2 deep trolls
  2 deep elf archers (Elf:3)
  2 swamp dragons (Depths:4)
  A flayed ghost (Depths:4)
  An ironbound convoker (Vaults:4)
  3 phantasmal warriors
  A necromancer (Depths:3)
  3 deep elf zephyrmancers (Elf:3)
  2 tengu skeletons
  An orc knight (Vaults:4)
  6 ugly things
  A salamander (Depths:4)
  An iron dragon zombie (Depths:3)
  5 moths of wrath
  A shining eye (shapeshifter) (Vaults:5)
  A merfolk siren (Shoals:4)
  A vault sentinel (Vaults:4)
  A rust devil (Depths:1)
  4 large abominations (Elf:3)
  A water nymph (shapeshifter) (Depths:2)
  A komodo dragon (Lair:2)
  2 freezing wraiths
  2 nameless horrors (Elf:3)
  5 yaktaurs (Vaults:4)
  A tengu conjurer (Depths:1)
  A polar bear (shapeshifter) (Depths:3)
  A hornet (Depths:4)
  A glass eye (Depths:1)
  2 slime creatures (Vaults:4)
  An air elemental (Elf:3)
  5 small abominations (Elf:3)
  3 wyverns (Depths:4)
  A boggart (shapeshifter) (Vaults:5)
  A centaur (shapeshifter) (Depths:3)
  An orc priest (D:11)
  28 boulders
261 creatures vanquished.

Vanquished Creatures (others)
  A ragged hierophant (Desolation)
  A merfolk (Shoals:1)
  A nameless horror (Elf:3)
  A human (D:13)
  A warg (Orc:2)
  29 boulders
  10 tentacles (Shoals:3)
44 creatures vanquished.

Grand Total: 2037 creatures vanquished

Notes
Turn   | Place    | Note
-------+----------+-------------------------------------------
     0 | D:1      | bakla the Felid Earth Elementalist began the quest for the
                  | Orb.
     0 | D:1      | Reached XP level 1. HP: 9/9 MP: 4/4
     7 | D:1      | Noticed a mana viper
     7 | D:1      | Noticed a wolf
     8 | D:1      | Noticed a four-headed hydra
     8 | D:1      | Noticed a lindwurm
   143 | D:1      | Reached skill level 1 in Conjurations
   221 | D:1      | Reached XP level 2. HP: 14/14 MP: 4/6
   728 | D:1      | Reached XP level 3. HP: 17/17 MP: 5/7
   776 | D:1      | Learned a level 3 spell: Stone Arrow
  1141 | D:2      | Reached skill level 1 in Fighting
  1162 | D:2      | Noticed Robin
  1394 | D:2      | Killed Robin
  1395 | D:2      | Reached skill level 1 in Unarmed Combat
  1426 | D:2      | Reached XP level 4. HP: 6/22 MP: 3/8
  1426 | D:2      | Gained a life (2 lives remaining)
  1588 | D:2      | Found a faded altar of an unknown god.
  2338 | D:3      | HP: 1/21 [wight/+3 scimitar (5)]
  2344 | D:3      | Reached XP level 5. HP: 3/26 MP: 0/9
  2458 | D:3      | HP: 1/25 [wight/+2 falchion (7)]
  2458 | D:3      | Slain by a wight
  2458 | D:3      | Lost a life (1 life remaining)
  3194 | D:3      | Noticed Natasha
  3224 | D:3      | Killed Natasha
  3333 | D:3      | Noticed Natasha
  3339 | D:3      | Killed Natasha
  3466 | D:3      | Learned a level 4 spell: Brom's Barrelling Boulder
  3584 | D:4      | Noticed a black bear
  3643 | D:4      | Noticed a black bear
  3646 | D:4      | Gained mutation: You are covered in thick fur. (AC +2)
                  | [Felid growth]
  3646 | D:4      | Reached XP level 6. HP: 30/30 MP: 9/11
  3785 | D:3      | Noticed Natasha
  3799 | D:3      | Killed Natasha
  3966 | D:4      | Noticed an ice beast
  4079 | D:4      | Reached skill level 5 in Dodging
  4079 | D:4      | Reached XP level 7. HP: 28/36 MP: 6/13
  4079 | D:4      | Gained a life (2 lives remaining)
  5271 | D:5      | Entered Level 5 of the Dungeon
  5306 | D:5      | Reached XP level 8. HP: 25/42 MP: 2/15
  5470 | D:5      | Learned a level 3 spell: Passwall
  5734 | D:5      | Reached skill level 5 in Earth Magic
  6146 | D:5      | Found a stormy altar of Qazlal.
  6341 | D:5      | Found a shimmering blue altar of Sif Muna.
  6470 | D:6      | Reached skill level 5 in Spellcasting
  6470 | D:6      | Reached XP level 9. HP: 46/46 MP: 12/17
  6589 | D:6      | Reached skill level 5 in Fighting
  6772 | D:6      | Found a hazy altar of Hepliaklqana.
  7258 | D:6      | Identified the amulet of Hanir {Acrobat rElec rF+}
  7350 | D:7      | Reached skill level 5 in Conjurations
  7575 | D:7      | Found a staircase to the Ecumenical Temple.
  7596 | D:7      | Found a runed translucent door.
  7631 | Temple   | Entered the Ecumenical Temple
  7640 | Temple   | Became a worshipper of Vehumet
  7910 | D:7      | Noticed Crazy Yiuf
  8556 | D:8      | Reached * piety under Vehumet
  8556 | D:8      | Offered knowledge of Sting by Vehumet.
  8631 | D:8      | Reached XP level 10. HP: 46/53 MP: 1/20
  8827 | D:8      | Found a staircase to the Lair.
  9654 | D:9      | Noticed a two-headed ogre
  9667 | D:9      | Killed a two-headed ogre
  9842 | D:9      | Noticed a two-headed ogre
  9862 | D:9      | Killed a two-headed ogre
  9863 | D:9      | Reached skill level 10 in Dodging
  9987 | D:9      | Found Suosatu's General Store.
  9996 | D:9      | Bought a scroll of teleportation for 42 gold pieces
  9996 | D:9      | Bought a scroll of revelation for 105 gold pieces
  9996 | D:9      | Bought a scroll of fog for 56 gold pieces
  9996 | D:9      | Bought a scroll of identify for 28 gold pieces
  9996 | D:9      | Bought a scroll of identify for 28 gold pieces
 10208 | D:9      | Reached ** piety under Vehumet
 10208 | D:9      | Offered knowledge of Magic Dart by Vehumet.
 10989 | D:10     | Entered Level 10 of the Dungeon
 10993 | D:10     | Noticed a two-headed ogre
 10999 | D:10     | Killed a two-headed ogre
 11000 | D:10     | Reached XP level 11. HP: 58/58 MP: 18/22
 11863 | D:11     | You fall into a shaft and drop 2 floors!
 11960 | D:13     | Noticed a centaur warrior
 11967 | D:13     | Killed a centaur warrior
 12172 | D:13     | Noticed Kirke
 12246 | D:12     | Noticed a white ugly thing
 12615 | D:12     | Noticed a lindwurm
 12629 | D:12     | Killed Kirke
 13187 | D:11     | Offered knowledge of Dazzling Flash by Vehumet.
 13245 | D:11     | Learned a level 3 spell: Dazzling Flash
 13901 | D:11     | Noticed Grum
 13926 | D:11     | Killed from afar by an electric eel
 13926 | D:11     | Lost a life (1 life remaining)
 14143 | D:11     | Killed Grum
 14192 | D:11     | Reached *** piety under Vehumet
 14692 | D:12     | Found a staircase to the Orcish Mines.
 14827 | D:12     | Offered knowledge of Airstrike by Vehumet.
 14997 | D:12     | Found Ewkoucw's Magic Scroll Emporium.
 15443 | Lair:1   | Entered Level 1 of the Lair of Beasts
 15578 | Lair:1   | Gained mutation: Your thick and shaggy fur keeps you warm.
                  | (AC +3, rC+) [Felid growth]
 15578 | Lair:1   | Reached XP level 12. HP: 53/65 MP: 22/25
 15578 | Lair:1   | Gained a life (2 lives remaining)
 15899 | Lair:1   | Reached **** piety under Vehumet
 16790 | Lair:2   | Found a shadowy altar of Dithmenos.
 16806 | Lair:2   | Offered knowledge of Ignite Poison by Vehumet.
 16999 | Lair:2   | Found a hole to the Spider Nest.
 17222 | Lair:2   | Noticed Urug
 17509 | Lair:2   | Noticed Fannar
 17517 | Lair:2   | Killed Fannar
 17556 | Lair:2   | Noticed a five-headed hydra
 17567 | Lair:2   | Killed a five-headed hydra
 17568 | Lair:2   | Reached skill level 1 in Evocations
 18036 | Lair:2   | Killed Urug
 18207 | Lair:2   | Noticed a death yak
 18236 | Lair:2   | Killed a death yak
 18285 | Lair:2   | Noticed a death yak
 18297 | Lair:2   | Noticed a death yak
 18432 | Lair:2   | Noticed a death yak
 18819 | Lair:2   | Learned a level 4 spell: Ignite Poison
 18824 | Lair:2   | Learned a level 4 spell: Olgreb's Toxic Radiance
 18977 | Lair:2   | Reached XP level 13. HP: 64/72 MP: 4/27
 19309 | Lair:3   | Reached skill level 10 in Fighting
 19487 | Lair:3   | Noticed Nergalle
 19495 | Lair:3   | Killed Nergalle
 20716 | Lair:3   | Found a staircase to the Shoals.
 20813 | Lair:4   | Found a staircase to the Slime Pits.
 20813 | Lair:4   | Found a viscous altar of Jiyva.
 21121 | Lair:4   | Reached skill level 10 in Earth Magic
 21849 | Lair:5   | Entered Level 5 of the Lair of Beasts
 21872 | Lair:5   | Reached skill level 10 in Spellcasting
 22071 | Lair:5   | Reached ***** piety under Vehumet
 22234 | Lair:5   | Offered knowledge of Lee's Rapid Deconstruction by Vehumet.
 22241 | Lair:5   | Learned a level 5 spell: Lee's Rapid Deconstruction
 22260 | Lair:5   | Found a frozen archway.
 22290 | IceCv    | Entered an ice cave
 22423 | Lair:5   | Noticed Nessos
 22432 | Lair:5   | Nessos changed into Nessos the snapping turtle
 22432 | Lair:5   | Noticed Nessos
 22476 | Lair:5   | Killed Nessos the snapping turtle
 22623 | Lair:5   | Reached skill level 10 in Conjurations
 23113 | Lair:5   | Reached XP level 14. HP: 79/79 MP: 6/29
 23959 | Lair:5   | Found a corrupted altar of Lugonu.
 23959 | Lair:5   | Found a one-way gate to the infinite horrors of the Abyss.
 24651 | D:12     | Bought a scroll of teleportation for 42 gold pieces
 24651 | D:12     | Bought a scroll of immolation for 56 gold pieces
 24651 | D:12     | Bought a scroll of identify for 28 gold pieces
 24862 | D:12     | Found Bucel's Antique Armour Shop.
 25096 | D:12     | Found a basalt altar of Yredelemnul.
 25952 | D:13     | Found a shimmering altar of Xom.
 25952 | D:13     | Noticed Yqoodd's ghost (journeyman GnWr)
 25953 | D:13     | Found a runed translucent door.
 25996 | D:13     | Reached skill level 15 in Dodging
 26745 | D:14     | Noticed Jorgrun
 26756 | D:14     | Killed Jorgrun
 27143 | D:14     | Offered knowledge of Fireball by Vehumet.
 27395 | D:14     | Noticed an ironbound thunderhulk
 27406 | D:14     | Killed an ironbound thunderhulk
 27466 | D:14     | Shot with a bolt by a yaktaur
 27466 | D:14     | Lost a life (1 life remaining)
 27916 | D:14     | Found a gate to the Vaults.
 28811 | D:14     | Found a viscous altar of Jiyva.
 29137 | D:15     | Entered Level 15 of the Dungeon
 29303 | D:15     | Reached XP level 15. HP: 38/84 MP: 14/31
 29303 | D:15     | Gained a life (2 lives remaining)
 29452 | D:15     | Found a staircase to the Depths.
 30905 | Orc:1    | Entered Level 1 of the Orcish Mines
 31461 | Orc:2    | Entered Level 2 of the Orcish Mines
 31465 | Orc:2    | Noticed Maurice
 31470 | Orc:2    | Killed Maurice
 31930 | Orc:1    | Offered knowledge of Bombard by Vehumet.
 31938 | Orc:1    | Learned a level 6 spell: Bombard
 32158 | Orc:2    | Noticed Azrael
 32232 | Orc:2    | Killed Azrael
 32308 | Orc:2    | Found Aqeifag's Antique Armour Shoppe.
 32315 | Orc:2    | Found Kukauheu's General Store.
 32389 | Orc:2    | Found a staircase to the Elven Halls.
 32438 | Orc:2    | Found Waosap's Jewellery Boutique.
 32664 | Orc:2    | Noticed Saint Roka
 32676 | Orc:2    | Killed Saint Roka
 32704 | Orc:2    | Found Ceyrgh's Magic Scroll Shop.
 33250 | Orc:2    | Bought an amulet of magic regeneration for 390 gold pieces
 33299 | Orc:2    | Found Wagh's Antique Weapon Shop.
 33534 | Orc:2    | Found a burning altar of Makhleb.
 33629 | Orc:2    | Bought a scroll of teleportation for 36 gold pieces
 33629 | Orc:2    | Bought a scroll of revelation for 90 gold pieces
 33629 | Orc:2    | Bought a scroll of fear for 48 gold pieces
 33866 | Orc:1    | Found Bezxe Acu's Armour Emporium.
 34345 | Spider:1 | Entered Level 1 of the Spider Nest
 34604 | Orc:2    | Bought a ring of poison resistance for 260 gold pieces
 35438 | Spider:1 | HP: 3/86 [demonic crawler[a torpor snail] (6)]
 35439 | Spider:1 | Mangled by a demonic crawler
 35439 | Spider:1 | Lost a life (1 life remaining)
 35712 | Spider:1 | You fall into a shaft and drop 1 floor!
 35713 | Spider:2 | Noticed Roxanne
 35715 | Spider:2 | Noticed Louise
 35720 | Spider:1 | Slain by a spark wasp
 35720 | Spider:1 | Lost a life (0 lives remaining)
 35787 | Shoals:1 | Entered Level 1 of the Shoals
 36682 | Shoals:1 | Identified the +8 shortbow of Dekomn {drain, rCorr Stlth+}
 37626 | Shoals:2 | Reached XP level 16. HP: 84/91 MP: 9/33
 37626 | Shoals:2 | Gained a life (1 life remaining)
 37738 | Shoals:2 | Offered knowledge of Yara's Violent Unravelling by Vehumet.
 39374 | Shoals:3 | Found Farygum's Assorted Antiques.
 39407 | Shoals:3 | Found Hucud's Magic Scroll Boutique.
 39407 | Shoals:3 | Found Udaekaep's Jewellery Boutique.
 40239 | Shoals:3 | Bought a granite talisman for 840 gold pieces
 40462 | Shoals:3 | Bought a scroll labelled CANAYC MEXZIRI for 37 gold pieces
 40462 | Shoals:3 | Bought a scroll of teleportation for 111 gold pieces
 40462 | Shoals:3 | Bought a scroll of fog for 148 gold pieces
 40462 | Shoals:3 | Bought a scroll of poison for 148 gold pieces
 40733 | Shoals:3 | Found Koaghu's Antique Weapon Shoppe.
 40773 | Shoals:3 | Found a gateway to a bazaar.
 41157 | Bazaar   | Entered a bazaar
 41293 | Bazaar   | Found Arintul's Antique Armour Shop.
 41307 | Bazaar   | Found Qapheu's Jewellery Shop.
 41615 | Shoals:3 | Offered knowledge of Conjure Ball Lightning by Vehumet.
 42306 | Shoals:3 | Noticed a kraken
 42422 | Shoals:3 | Killed a kraken
 42634 | Shoals:4 | Entered Level 4 of the Shoals
 43645 | Shoals:4 | Reached skill level 1 in Alchemy
 44471 | Shoals:4 | Got a barnacled rune of Zot
 44686 | Shoals:4 | Offered knowledge of Plasma Beam by Vehumet.
 45377 | Shoals:4 | Got the Verses on the Discharge
 45395 | Shoals:3 | Learned a level 5 spell: Iskenderun's Battlesphere
 45515 | Shoals:4 | Reached XP level 17. HP: 42/98 MP: 4/35
 46184 | Shoals:4 | Noticed Polyphemus
 46200 | Shoals:4 | Killed Polyphemus
 48800 | Spider:1 | Reached skill level 1 in Shapeshifting
 49106 | Spider:2 | Killed Louise
 49364 | Spider:2 | Offered knowledge of Orb of Destruction by Vehumet.
 49798 | Spider:2 | Reached skill level 15 in Fighting
 52163 | Spider:4 | Entered Level 4 of the Spider Nest
 52812 | Spider:4 | Reached XP level 18. HP: 64/105 MP: 18/37
 54185 | Spider:4 | Reached skill level 15 in Earth Magic
 54634 | Spider:4 | Reached skill level 15 in Spellcasting
 56011 | Spider:4 | Got a gossamer rune of Zot
 56015 | Spider:4 | Identified the +1 pair of gloves of Death Resistance {Fly
                  | rC+ Int-2}
 56490 | Elf:1    | Entered Level 1 of the Elven Halls
 56572 | Elf:1    | Found a radiant altar of Vehumet.
 56613 | Elf:1    | Reached ****** piety under Vehumet
 56762 | Elf:1    | Offered knowledge of Chain Lightning by Vehumet.
 56762 | Elf:1    | Offered knowledge of Polar Vortex by Vehumet.
 56762 | Elf:1    | Offered knowledge of Ignition by Vehumet.
 56976 | Elf:1    | Reached skill level 1 in Summonings
 57077 | Elf:1    | Found Peerovvu's Distillery.
 57086 | Elf:1    | Bought a potion of brilliance for 76 gold pieces
 57086 | Elf:1    | Bought a potion of curing for 57 gold pieces
 57086 | Elf:1    | Bought a potion of brilliance for 76 gold pieces
 57086 | Elf:1    | Bought a potion of heal wounds for 95 gold pieces
 57086 | Elf:1    | Bought a potion of curing for 57 gold pieces
 57086 | Elf:1    | Bought a potion of ambrosia for 152 gold pieces
 59193 | Elf:2    | Found a huge runed translucent gate.
 59193 | Elf:2    | Found a huge runed translucent gate.
 59194 | Elf:2    | Found a huge runed translucent gate.
 59237 | Elf:2    | Found a huge runed translucent gate.
 59240 | Elf:2    | Found a huge runed translucent gate.
 59562 | Elf:3    | Entered Level 3 of the Elven Halls
 60245 | Elf:3    | Noticed Zenata
 60530 | Elf:3    | Reached XP level 19. HP: 62/111 MP: 32/39
 60530 | Elf:3    | Gained a life (2 lives remaining)
 61006 | Vaults:1 | Entered Level 1 of the Vaults
 61754 | Vaults:1 | Reached skill level 1 in Fire Magic
 62146 | Vaults:1 | Learned a level 8 spell: Ignition
 62767 | Vaults:1 | Reached skill level 5 in Fire Magic
 64905 | Vaults:2 | Found a gateway to a bazaar.
 65285 | Vaults:2 | Paralysed by a formless jellyfish for 1 turns
 65289 | Vaults:1 | Paralysed by a formless jellyfish for 1 turns
 65794 | Bazaar   | Entered a bazaar
 65835 | Bazaar   | Found Ubit's Antique Weapon Emporium.
 65835 | Bazaar   | Found Caupt's Magic Scroll Shoppe.
 65857 | Bazaar   | Found Ixaciek's Distillery.
 65857 | Bazaar   | Found Lausaqy's General Store.
 65868 | Bazaar   | Bought a scroll of acquirement for 988 gold pieces
 65879 | Bazaar   | Found Poavan's Assorted Antiques.
 65894 | Bazaar   | Found Pedwin's Armour Emporium.
 65894 | Bazaar   | Found Zameaxeo's Assorted Antiques.
 65917 | Bazaar   | Acquired 552 gold pieces
 65925 | Bazaar   | Bought a potion of haste for 180 gold pieces
 65925 | Bazaar   | Bought a potion of heal wounds for 90 gold pieces
 65951 | Bazaar   | Bought 2 scrolls of teleportation for 138 gold pieces
 65965 | Bazaar   | Bought a potion of haste for 190 gold pieces
 65979 | Bazaar   | Bought a potion of invisibility for 72 gold pieces
 65979 | Bazaar   | Bought a potion of haste for 90 gold pieces
 65979 | Bazaar   | Bought a potion of invisibility for 72 gold pieces
 66000 | Bazaar   | Bought a scroll of butterflies for 64 gold pieces
 66000 | Bazaar   | Bought a scroll of butterflies for 64 gold pieces
 66000 | Bazaar   | Bought a scroll of butterflies for 64 gold pieces
 67353 | Vaults:2 | Reached skill level 10 in Fire Magic
 68242 | Vaults:2 | Reached XP level 20. HP: 69/117 MP: 22/40
 68955 | Vaults:2 | Found a transporter.
 68976 | Vaults:2 | Found a transporter.
 68976 | Vaults:2 | Found a transporter.
 68991 | Vaults:2 | Found a transporter.
 69059 | Vaults:2 | Found a transporter.
 69607 | Vaults:2 | Acquired 1180 gold pieces
 69907 | Vaults:3 | Found a crumbling gateway.
 70013 | Desolati | Entered the Desolation of Salt
 70460 | Desolati | Identified the amulet of Suon {Spirit Will++}
 70464 | Desolati | Got the Compendium of Fog
 71015 | Vaults:3 | HP: 2/115 [vault warden/+4 great sword of flaming (37)]
 71015 | Vaults:3 | Slain by a vault warden
 71015 | Vaults:3 | Lost a life (1 life remaining)
 71638 | Vaults:3 | Learned a level 3 spell: Teleport Other
 71878 | Vaults:3 | You fall into a shaft and drop 1 floor!
 72140 | Vaults:3 | Got the Octavo of Degeneration and Apparitions
 74058 | Vaults:3 | Acquired the Octavo of Mutualism
 74169 | Vaults:3 | Found a staircase to the Crypt.
 74195 | Vaults:3 | Noticed Margery
 74266 | Vaults:3 | Learned a level 7 spell: Spellforged Servitor
 74508 | Vaults:3 | Killed Margery
 74509 | Vaults:3 | Reached skill level 5 in Summonings
 75798 | Vaults:3 | Found Ypizat's Armour Emporium.
 76958 | Vaults:4 | Reached skill level 15 in Fire Magic
 77278 | Vaults:4 | Reached XP level 21. HP: 121/121 MP: 8/41
 78669 | Vaults:5 | Entered Level 5 of the Vaults
 78685 | Vaults:5 | Reached skill level 10 in Summonings
 78885 | Vaults:5 | Learned a level 5 spell: Summon Mana Viper
 79153 | Vaults:5 | Noticed a golden dragon
 79228 | Vaults:5 | Killed a golden dragon
 79305 | Vaults:5 | Reached XP level 22. HP: 131/131 MP: 20/42
 79305 | Vaults:5 | Gained a life (2 lives remaining)
 79818 | Vaults:5 | Noticed a golden dragon
 79838 | Vaults:5 | Killed a golden dragon
 80533 | Vaults:5 | Identified the +7 halberd of Currency {heavy, Dex+4}
 80533 | Vaults:5 | Identified the ring of Ysumowk {rC+ rN+ Stlth+}
 80737 | Vaults:5 | Learned a level 1 spell: Magic Dart
 80748 | Vaults:5 | Identified the staff of Eturafiu {+Blink rPois rC+ Ice}
 80754 | Vaults:5 | Identified the +6 rapier of Faqideomi {drain, Fly rPois
                  | rN+}
 81127 | Vaults:5 | Noticed an ancient lich
 81135 | Vaults:5 | Killed an ancient lich
 81349 | Vaults:5 | Got a silver rune of Zot
 81432 | Vaults:5 | Identified the +7 spear of Nethas {vamp, Str+4 Int+3}
 81432 | Vaults:5 | Identified the ring of Puepnoc {rN+ Will- Str+3 Int+6
                  | Dex+3}
 81857 | Vaults:5 | Identified the ring "Busagirgh" {rPois rC+ Will- Str+4}
 82687 | Elf:3    | Killed Zenata
 82977 | Elf:3    | Reached skill level 5 in Shapeshifting
 83305 | Elf:3    | Identified the +4 morningstar "Anathunt" {vamp, Will-
                  | Str+9}
 83433 | Elf:3    | Identified the +8 trident of Checks and Balances {pain,
                  | rElec rPois rC++ Stlth-}
 83860 | Depths:1 | Entered Level 1 of the Depths
 84521 | Depths:1 | Found a runed translucent door.
 84649 | Depths:1 | Found an ancient bone altar of Kikubaaqudgha.
 84917 | Depths:1 | Noticed Barug's ghost (adept TrMo)
 85053 | Depths:1 | Found a gateway to Hell.
 85666 | Depths:1 | Found a one-way gate leading to the halls of Pandemonium.
 85730 | Depths:2 | Reached XP level 23. HP: 132/138 MP: 22/43
 86332 | Depths:2 | Reached skill level 10 in Shapeshifting
 86684 | Depths:2 | Found Hare's Weapon Emporium.
 86691 | Depths:2 | Found Pystry Woreyx's Book Shoppe.
 88646 | Depths:3 | Identified the ring of Lugonu's Felicitations {rPois Dex+6}
 89955 | Depths:3 | Found a one-way gateway to a ziggurat.
 89993 | Depths:3 | Found Jacol's Armour Shoppe.
 90523 | Depths:4 | Entered Level 4 of the Depths
 91313 | Depths:4 | Found a hide-covered altar of Uskayaw.
 93194 | Depths:4 | Found a gate to the Realm of Zot.
 93499 | Zot:1    | Entered Level 1 of the Realm of Zot
 94096 | Zot:3    | Found a transporter.
 94348 | Zot:5    | Entered Level 5 of the Realm of Zot
 95228 | Zot:5    | Reached XP level 24. HP: 144/144 MP: 32/43
 95785 | Zot:5    | Noticed a Killer Klown
 95797 | Zot:5    | Killed a Killer Klown
 95840 | Zot:5    | Noticed a Killer Klown
 95858 | Zot:5    | Noticed an ancient lich
 95871 | Zot:5    | Killed an ancient lich
 96004 | Zot:5    | Noticed an ancient lich
 96022 | Zot:5    | Killed a Killer Klown
 96029 | Zot:5    | Killed an ancient lich
 96155 | Zot:5    | Noticed an ancient lich
 96172 | Zot:5    | Killed an ancient lich
 96278 | Zot:5    | Noticed an orb of fire
 96294 | Zot:5    | Killed an orb of fire
 96323 | Zot:5    | Learned a level 5 spell: Borgnjor's Vile Clutch
 96351 | Zot:5    | Noticed an orb of fire
 96361 | Zot:5    | Killed an orb of fire
 96701 | Zot:5    | Noticed a dread lich
 96706 | Zot:5    | Killed a dread lich
 96959 | Zot:5    | Identified the ring "Morohij" {Str+3 Slay+4 SInv}
 97177 | Zot:5    | Noticed a Killer Klown
 97183 | Zot:5    | Killed a Killer Klown
 97459 | Zot:5    | Got the Orb of Zot
 97900 | D:6      | Noticed Afyut the pandemonium lord
 98051 | D:$      | Escaped with the Orb!

Illustrated notes

Levels and vault maps discovered:
D:1:      onia_arrival_zoo_common, layout_basic, dreamdust_princess_corridor
D:2:      layout_rooms, ebering_ecumenical_altar_sacrificial, uniq_robin
D:3:      layout_basic, uniq_natasha
D:4:      layout_loops_ring
D:5:      layout_loops_ring, mainiacjoe_overflow_24_doors,
          nicolae_qazlal_general_emergency
D:6:      layout_basic, mainiacjoe_overflow_cross_hatched
D:7:      layout_basic, temple_doors_e, uniq_crazy_yiuf_cottage
D:8:      layout_rooms, nicolae_overflow_hidden_temple, erik_lair_dragon
D:9:      layout_stronghold, serial_shops, shop, minmay_fire_ice_demons
D:10:     layout_roguey
D:11:     layout_basic, uniq_grum
D:12:     layout_rooms, minmay_orc_entry_guard_dogs, serial_shops, shop,
          shop_statue, nrook_pool_corridor, yredelemnul_altar_generic
D:13:     layout_basic, special_room [special_room_orc], ebering_ghost_xom,
          corner_web_ring, uniq_kirke
D:14:     minmay_blocking_statues, layout_small_grid, hellmonk_vaults_keyhole,
          minmay_crystal_room, jiyva_altar_1, uniq_jorgrun
D:15:     grunt_enter_depths_hoard, layout_gridville, nicolae_two_hexagons
Temple:   mainiacjoe_temple_coin_purse
Lair:1:   layout_chaotic_city, nicolae_lair_grove_arrangements
Lair:2:   layout_concentric_octagons, nicolae_spider_entry_non_spiders,
          nicolae_volcano_entry_hallway, lemuel_oklob_altar, uniq_urug,
          uniq_fannar
Lair:3:   layout_loops_ring, elwin_shoals_entry_rooms, evilmike_ambush
          [evilmike_ambush_outer_basic, evilmike_ambush_inner_basic],
          uniq_nergalle
Lair:4:   layout_loops_ring, slime_entry_1, grunt_megastairs_1
Lair:5:   hellmonk_lair_end_abyssal_woods, layout_cellular_growth,
          portal_ice_cave_entry_imps, uniq_nessos
Shoals:1: layout_shoals, nicolae_shoals_so_close
Shoals:2: layout_shoals
Shoals:3: layout_shoals, serial_shops, bzr_in_the_mist, shop,
          nicolae_shop_statue_plus, nicolae_stop_n_shop_2,
          nicolae_stop_n_shop_1, nicolae_shoals_lost_giant_amphitheater
Shoals:4: shoals_end_grunt_garden, layout_shoals, hangedman_shoal_volcano,
          uniq_polyphemus
Spider:1: layout_chambers, hellmonk_motheaten_closet
Spider:2: layout_spider_delve, drop_trap, uniq_louise, uniq_roxanne
Spider:3: cheibrodos_spider_silkery
Spider:4: hellmonk_spider_rune_endless_swarm
Orc:1:    minmay_goldmine, layout_diamond_mine, serial_shops, shop
Orc:2:    grunt_orc_gardens, layout_diamond_mine, grunt_orc_garden,
          grunt_orc_garden, grunt_orc_garden, grunt_orc_garden, serial_shops,
          nicolae_shop_rolling_square, basic_altar, uniq_azrael,
          uniq_saint_roka, uniq_maurice
Elf:1:    eino_elf_arrival_altar, layout_gridlike, serial_shops, shop,
          nicolae_elf_crossing_hall
Elf:2:    elven_hall_of_blades_hangedman_alternative
          [nicolae_blade_entry_crossed_weapons], layout_loops_cross,
          lemuel_upstairs_altar, uniq_norris
Elf:3:    minmay_elf_hall_x, layout_geoelf_castle, nrook_mini_backslash,
          laboratory, uniq_zenata
Vaults:1: hangedman_vaults_nails, nicolae_vaults_apartment_2,
          nicolae_vaults_mini_display_case, nicolae_vaults_tetromino_T_1,
          nicolae_vaults_network_star, nicolae_vaults_trapezoid_lopsided_1,
          hangedman_vaults_snaps, v_misc_9, nicolae_vaults_hexular_roomagon,
          v_pattern_2, layout_vaults_omnigrid
Vaults:2: nicolae_vaults_closet_pinwheel_2, vaults_room_boxed,
          gammafunk_the_bubble [the_bubble_gammafunk_roulette],
          nicolae_vaults_little_squares_6, v_pattern_3,
          ontoclasm_vaults_ring_small, grunt_vaults_twisty,
          nicolae_vaults_little_squares_4, nicolae_vaults_storage_closets_1,
          vaults_room_door_hall, vaults_room_pools, layout_vaults_omnibox,
          serial_shops, statue_bzr
Vaults:3: portal_desolation_entry_twin_temple, v_pattern_1,
          minmay_crypt_entry_nasty_monster, vaults_mumra_minichess_inversion,
          nicolae_vaults_house_3, vaults_mumra_minichess, vaults_room_octagon,
          nicolae_vaults_taking_the_gang_shopping,
          nicolae_vaults_closet_pinwheel_1, vaults_standard_mumra_lines,
          nicolae_vaults_diamond_2, nicolae_vaults_trapezoid_1,
          layout_vaults_omnicross, uniq_margery
Vaults:4: ontoclasm_vaults_hangar, nicolae_vaults_security_offices_1,
          hangedman_vaults_nodes, nicolae_vaults_layer_cake_slice,
          hangedman_vaults_restitches, grunt_vaults_funnel, v_pattern_4,
          dpeg_vaults_monster_box, vaults_room_hallway,
          nicolae_vaults_tetromino_L_2, nicolae_vaults_tetromino_Z_2,
          nicolae_vaults_little_squares_1, layout_vaults_maze_snakey
Vaults:5
Depths:1: layout_honeycomb, abyss_entry, hellmonk_ghost_big_iron,
          grunt_pan_entry_spiral, hell_entry,
          nicolae_kikubaaqudgha_miasma_corner
Depths:2: cheibrodos_quadrivalence, layout_basic, abyss_entry,
          roderic_roman_lattice, pan_entry, grunt_hell_entry_dis_mu,
          minmay_shoptagon
Depths:3: minmay_split_circle, layout_cave_shapes, enter_ziggurat_f,
          abyss_entry, serial_shops, shop, grunt_mini_vestibule,
          kennysheep_minor_cross, rand_demon_pan_entry_3,
          infiniplex_staircase_pool_2
Depths:4: evilmike_zot_entry_gauntlet, layout_basic, nicolae_uskayaw_en_pointe,
          hell_entry
Zot:1:    kennysheep_ambush_hall, layout_concentric_octagons,
          st_small_dragon_hoard_5, regret_index_zotdec_barnacled_simple
Zot:2:    layout_onion, regret_index_zotdec_onion_hex, st_stairs_3,
          lemuel_elevator
Zot:3:    layout_misc_corridors, regret_index_zotdec_decaying_basic,
          nicolae_transmutations_shop, regret_index_zotdec_serpentine_scales,
          st_stairs_12, nicolae_diode_quadrants, uniq_parghit
Zot:4:    layout_misc_corridors, st_small_dragon_hoard_4, grunt_megastairs_5
Zot:5:    layout_gridville, st_stairs_8

Skill      XL: |  1  2  3  4  5  6  7  8  9 10 11 12 13 14 15 16 17 18 19 20 21 22 23 24 |
---------------+-------------------------------------------------------------------------+-----
Conjurations   | 1 2 3 4 5 6 8 9 10 11 12 | 12.0
Dodging        | 3 4 5 6 7 8 10 11 13 14 15 17 18 19 20 22 | 22.7
Stealth        | 3 |  3.0
Fighting       | 1 2 3 4 6 7 8 9 11 12 13 14 15 16 17 19 20 22 | 22.0
Unarmed Combat | 1 |  1.1
Earth Magic    | 3 4 5 6 7 8 9 10 11 12 13 14 15 | 15.9
Spellcasting   | 3 4 5 6 7 8 9 10 11 12 13 14 15 | 15.8
Evocations     | 2 4 |  4.0
Alchemy        | 2 |  2.1
Shapeshifting  | 1 9 14 | 14.6
Summonings     | 4 7 10 | 10.0
Fire Magic     | 10 15 | 15.0

Action                     |  1- 3 |  4- 6 |  7- 9 | 10-12 | 13-15 | 16-18 | 19-21 | 22-24 || total
---------------------------+-------+-------+-------+-------+-------+-------+-------+-------++-------
  Melee: Unarmed           |    28 |     5 |     2 |    10 |    49 |    28 |    12 |    39 ||   173
         Punch             |       |     1 |       |     2 |     1 |     2 |       |     1 ||     7
         Bite              |       |       |       |     2 |     9 |     3 |     3 |     6 ||    23
   Cast: Sandblast         |    51 |   110 |   196 |   185 |    28 |   101 |   100 |     3 ||   774
         Stone Arrow       |       |     2 |    19 |   130 |   557 |   612 |   414 |    14 ||  1748
         Brom's Barrelling |       |       |     5 |    66 |    16 |       |       |       ||    87
         Dazzling Flash    |       |       |       |     4 |     7 |       |       |       ||    11
         Olgreb's Toxic Ra |       |       |       |     4 |   114 |   252 |   100 |     9 ||   479
         Ignite Poison     |       |       |       |     2 |    68 |   114 |    50 |     2 ||   236
         Lee's Rapid Decon |       |       |       |       |    34 |       |    47 |    17 ||    98
         Bombard           |       |       |       |       |    14 |    11 |    30 |   184 ||   239
         Iskenderun's Batt |       |       |       |       |       |   158 |   155 |    74 ||   387
         Spellforged Servi |       |       |       |       |       |       |    51 |   184 ||   235
         Ignition          |       |       |       |       |       |       |    30 |    81 ||   111
         Summon Mana Viper |       |       |       |       |       |       |     2 |    77 ||    79
         Magic Dart        |       |       |       |       |       |       |       |   300 ||   300
         Teleport Other    |       |       |       |       |       |       |       |     1 ||     1
  Evoke: Wand              |       |     3 |     6 |    10 |     6 |     2 |     7 |    15 ||    49
         Phantom mirror    |       |       |       |     2 |     3 |     3 |     2 |     2 ||    12
         Sack of spiders   |       |       |       |       |       |     1 |       |     2 ||     3
         Lightning rod     |       |       |       |       |       |       |       |     2 ||     2
    Use: Scroll            |       |     7 |     6 |    13 |    12 |    13 |    17 |    17 ||    85
         Potion            |       |     1 |     4 |     3 |     7 |     7 |     9 |    24 ||    55
   Stab: Confused          |     1 |       |       |       |       |       |       |       ||     1
         Distracted        |       |       |       |       |       |     1 |     1 |       ||     2
 Armour: Skin              |    15 |    41 |    44 |    61 |   131 |   170 |   148 |   176 ||   786
  Dodge: Dodged            |    39 |    95 |   113 |   225 |   562 |   912 |   605 |   581 ||  3132
  Block: Other             |       |       |     7 |    39 |    74 |       |       |       ||   120
         Reflection        |       |       |     1 |     2 |    17 |       |       |       ||    20
